 Dungeon Crawl Stone Soup version 0.29.1-4-g47bece8355 (webtiles) character file.

Game seed: 7515760324803642168

72 MajorAdolf the Sneak (level 4, -10/38 HPs)
             Began as a Naga Wanderer on Dec 11, 2022.
             Mangled by a gnoll sergeant
             ... wielding a +0 spear of venom
              (14 damage)
             ... on level 3 of the Dungeon.
             The game lasted 00:03:41 (2838 turns).

MajorAdolf the Sneak (Naga Wanderer)                Turns: 2838, Time: 00:03:42

Health: -10/38     AC:  4    Str: 23    XL:     4   Next: 26%
Magic:  5/5        EV: 10    Int: 11    God:
Gold:   165        SH:  0    Dex: 11    Spells: 4/5 levels left

rFire   . . .      SeeInvis +   u - +2 flail (protect)
rCold   . . .      Faith    .   (no shield)
rNeg    . . .      Spirit   .   e - +0 leather armour
rPois   +          Reflect  .   (no helmet)
rElec   .          Harm     .   c - +0 cloak
rCorr   .          Rampage  .   (no gloves)
Will    .....                   (no barding)
Stlth   ++........              (no amulet)
HPRegen 0.12/turn               i - +6 ring of strength
MPRegen 0.09/turn               (no ring)

@: lethally poisoned (-10 -> -12), very slow
A: AC +1, large, see invisible, deformed body, poison resistance, slowness 2,
spit poison 1, naga tail 1
a: Spit Poison


You were on level 3 of the Dungeon.
You visited 1 branch of the dungeon, and saw 3 of its levels.

You collected 165 gold pieces.

Inventory:

Hand Weapons
 a - a +2 dagger
 u - a +2 flail of protection (weapon)
 v - a +0 club
Armour
 c - a +0 cloak (worn)
 e - a +0 leather armour (worn)
Jewellery
 i - a +6 ring of strength (left hand)
Wands
 t - a wand of charming (2)
Scrolls
 b - a scroll of blinking
 j - a scroll of vulnerability {unknown}
 k - 4 scrolls of teleportation {unknown}
 m - a scroll of amnesia {unknown}
 n - 2 scrolls of magic mapping {unknown}
 o - 2 scrolls of enchant armour {unknown}
 q - a scroll of identify {unknown}
Potions
 d - a potion of haste
 f - a potion of degeneration {unknown}
 g - a potion of mutation {unknown}
 h - a potion of lignification {unknown}
 l - a potion of attraction {unknown}
 p - a potion of heal wounds {unknown}
 r - 3 potions of magic {unknown}
 s - a potion of might {unknown}


   Skills:
 + Level 1.0 Fighting
 - Level 2.2 Short Blades
 + Level 0.4 Maces & Flails
 - Level 1.0 Armour
 - Level 2.4 Dodging
 + Level 5.1 Stealth
 - Level 1.0 Spellcasting
 - Level 2.0 Necromancy
 + Level 0.7 Evocations


You had 4 spell levels left.
You knew the following spells:

 Your Spells              Type           Power      Damage    Failure   Level
a - Necrotise             Necr           16%        1d4       16%         1

Your spell library contained the following spells:

 Spells                   Type           Power      Damage    Failure   Level
 Vampiric Draining        Necr           4%         2d6       43%         3
 Call Canine Familiar     Summ           0%         N/A       73%         3
 Portal Projectile        Hex/Tloc       0%         N/A       73%         3
 Leda's Liquefaction      Hex/Erth       0%         N/A       98%         4


Dungeon Overview and Level Annotations

Branches:
Dungeon (3/15)

Altars:

Shops:
D:3 [


Innate Abilities, Weirdness & Mutations

Your serpentine skin is tough. (AC +1)
You have supernaturally acute eyesight. (SInv)
Armour fits poorly on your strangely shaped body.
Your system is resistant to poisons. (rPois)
You cover ground very slowly.
You can spit poison.
You have a snake-like lower body.


Message History

Aim: a gnoll sergeant, wielding a +0 spear of venom and wearing a +0 scale mail (70% to hit)
The splash of poison hits the gnoll sergeant but does no damage.
The gnoll sergeant is poisoned.
A gnoll comes into view. It is wielding a +0 club.
You have got your breath back.
The gnoll sergeant looks more healthy.
There is a stone staircase leading up here.
Aiming: Spit Poison (1% risk of failure)
Press: ? - help, Shift-Dir - straight line, f/p - gnoll sergeant
Aim: a gnoll sergeant, wielding a +0 spear of venom and wearing a +0 scale mail (lightly wounded, 70% to hit)
The splash of poison hits the gnoll sergeant.
The gnoll sergeant is poisoned.
The gnoll sergeant is moderately wounded.
The gnoll sergeant hits you from afar with a +0 spear of venom.
A gnoll comes into view. It is wielding a +0 halberd.
The gnoll shouts!
The gnoll sergeant barely misses you.
A gnoll comes into view. It is wielding a +0 flail.
You have got your breath back.
The gnoll sergeant hits you from afar with a +0 spear of venom!
You are poisoned.
Aiming: Spit Poison (1% risk of failure)
Press: ? - help, Shift-Dir - straight line, f/p - gnoll sergeant
Aim: a gnoll sergeant, wielding a +0 spear of venom and wearing a +0 scale mail (heavily wounded, poisoned, 70% to hit)
The splash of poison hits the gnoll sergeant.
The gnoll sergeant looks even sicker.
The gnoll sergeant is heavily wounded.
You feel sick. The gnoll sergeant closely misses you.
You feel sick.
The gnoll sergeant hits you but does no damage.
You feel sick.
The gnoll sergeant hits you from afar with a +0 spear of venom.
You feel sick. The gnoll sergeant closely misses you.
You have got your breath back.
You feel sick.
The gnoll sergeant hits you from afar with a +0 spear of venom!
* * * LOW HITPOINT WARNING * * *
You feel sick.
The gnoll sergeant hits you from afar with a +0 spear of venom!
You die...

......................>...#......
###....>.......#..##....#........
.....................#....#......
####............#................
# ##........#.######..##........
####................)......#.....
..........g...#....).............
..##.........g#.........#..#...†.
..##.........gg.@......######....
.###..........#........# ##...
.............########.## ###.
#####.......## #.## #.
...........#### #..# #.
####..####....### ###.##### #. ##
#.## ####...# #.......# #. .# #.#
###.####.......# #. .###.#
#..†.#†......# ##


You could see a gnoll sergeant (poisoned) and 3 gnolls.

Vanquished Creatures
  An adder (D:2)
  A gnoll (D:3)
  3 worms
  4 ball pythons
  5 endoplasms
  2 giant cockroaches
  4 goblins
  2 hobgoblins (D:1)
  7 jackals
  2 quokkas
  A frilled lizard (D:1)
  3 kobolds
  5 rats
40 creatures vanquished.

Vanquished Creatures (others)
  A plant (D:2)
1 creature vanquished.

Grand Total: 41 creatures vanquished

Notes
Turn   | Place    | Note
-------+----------+-------------------------------------------
     0 | D:1      | MajorAdolf the Naga Wanderer began the quest for the Orb.
     0 | D:1      | MajorAdolf set off with the following items: a +2 dagger, a
                  | scroll of blinking, a +0 cloak, a potion of haste, a +0
                  | leather armour; and the following spell memorised:
                  | Necrotise; and the following spells available to memorise:
                  | Vampiric Draining.
     0 | D:1      | Reached XP level 1. HP: 18/18 MP: 2/2
   251 | D:1      | Reached skill level 1 in Short Blades
   251 | D:1      | Reached XP level 2. HP: 17/25 MP: 0/3
   655 | D:1      | Reached skill level 4 in Stealth
  1072 | D:1      | Reached XP level 3. HP: 31/31 MP: 1/4
  1490 | D:2      | Found a faded altar of an unknown god.
  2553 | D:3      | Reached XP level 4. HP: 23/38 MP: 5/5
  2687 | D:3      | Reached skill level 5 in Stealth
  2735 | D:3      | Found Fioh's Armour Boutique.
  2823 | D:3      | Noticed a gnoll sergeant
  2838 | D:3      | Mangled by a gnoll sergeant

Illustrated notes

Levels and vault maps discovered:
D:1:      roderic_dead_forest, layout_rooms, chequers_mini_garden
D:2:      layout_basic, shapermc_ecumenical_altar_ellora, nicolae_titane
D:3:      layout_rooms, serial_shops, shop

Skill      XL: |  1  2  3  4 |
---------------+-------------+-----
Short Blades   | 1 2 |  2.2
Stealth        | 4 5 |  5.1
Fighting       | |  1.0
Maces & Flails | |  0.4
Armour         | |  1.0
Dodging        | |  2.4
Spellcasting   | |  1.0
Necromancy     | |  2.0
Evocations     | |  0.7

Action                   |  1- 3 |  4- 6 || total
-------------------------+-------+-------++-------
Melee: Dagger            |    68 |       ||    68
       Flail             |     3 |     8 ||    11
       Punch             |     1 |       ||     1
 Cast: Necrotise         |    46 |     1 ||    47
 Abil: Spit Poison       |    13 |     4 ||    17
Armor: Leather armour    |    19 |     7 ||    26
Dodge: Dodged            |    23 |     8 ||    31
